 Dungeon Crawl Stone Soup version 0.29-a0-330-g52719c12eb (webtiles) character file.

Game seed: 376530871448175277

231 Crownlay the Stinger (level 6, -7/42 HPs)
             Began as an Octopode Transmuter on May 1, 2022.
             Splashed by a jelly's acid (9 damage)
             ... on level 4 of the Dungeon.
             The game lasted 00:04:23 (3911 turns).

Crownlay the Stinger (Octopode Transmuter)          Turns: 3911, Time: 00:04:23

Health: -7/42      AC: -15   Str:  7 (10) XL:     6   Next: 3%
Magic:  10/10      EV: 13    Int: 17 (19) God:
Gold:   141        SH:  0    Dex: 11 (12) Spells: 7/11 levels left

rFire   . . .      SeeInvis .   o - +4 long sword of Exquisite Torment {holy, rC+ Int+2}
rCold   + . .      Faith    .   (no shield)
rNeg    . . .      Spirit   .   (helmet restricted)
rPois   +          Reflect  .   i - amulet of the acrobat
rElec   .          Harm     .   f - ring of poison resistance
rCorr   .          Rampage  .   m - ring of willpower
Will    +....                   (no ring)
Stlth   ++........              (no ring)
HPRegen 0.14/turn               (no ring)
MPRegen 0.12/turn               (no ring)
                                (no ring)
                                (no ring)

@: corroded, flying
A: almost no armour, amphibious, 8 rings, camouflage 1, gelatinous body 1,
(nimble swimmer 1), tentacles
a: no special abilities


You were on level 4 of the Dungeon.
You visited 1 branch of the dungeon, and saw 4 of its levels.

You collected 141 gold pieces.

Inventory:

Hand Weapons
 o - the +4 long sword of Exquisite Torment (weapon) {holy, rC+ Int+2}
   (You found it on level 3 of the Dungeon)

   It has been blessed by the Shining One to cause great damage to the undead
   and demons.
   Int:       It affects your intelligence (+2).
   rC:        It protects you from cold.
Jewellery
 a - a ring of wizardry
 f - a ring of poison resistance (left tentacle)
 i - an amulet of the acrobat (around mantle)
 m - a ring of willpower (right tentacle)
Scrolls
 e - a scroll of magic mapping
 h - a scroll of fear
 j - a scroll of enchant weapon
 k - a scroll of summoning {unknown}
 p - a scroll of teleportation
Potions
 b - 4 potions of flight
 c - a potion of cancellation {unknown}
 d - a potion of curing {unknown}
 g - a potion of heal wounds {unknown}
 l - 3 potions of degeneration
 n - 2 potions of brilliance {unknown}
 r - a potion of ambrosia {unknown}


   Skills:
 * Level 3.0 Fighting
 - Level 2.0 Dodging
 - Level 3.0 Unarmed Combat
 + Level 3.1 Spellcasting
 + Level 3.2 Transmutations
 + Level 3.6 Poison Magic


You had 7 spell levels left.
You knew the following spells:

 Your Spells              Type           Power      Damage    Failure   Level
a - Beastly Appendage     Tmut           26%        N/A       4%          1
b - Spider Form           Tmut/Pois      14%        N/A       13%         3

Your spell library contained the following spells:

 Spells                   Type           Power      Damage    Failure   Level
 Wereblood                Tmut           13%        N/A       7%          2
 Animate Skeleton         Necr           4%         N/A       17%         1
 Pain                     Necr           8%         1d4       17%         1
 Vampiric Draining        Necr           2%         2d6       45%         3
 Ice Form                 Ice/Tmut       8%         N/A       65%         4
 Conjure Ball Lightning   Conj/Air       1%         3x3d6     100%        6
 Discord                  Hex            1%         N/A       100%        8
 Disjunction              Tloc           1%         N/A       100%        8


Dungeon Overview and Level Annotations

Branches:
Dungeon (4/15)
 Temple: D:4-7

Altars:


Innate Abilities, Weirdness & Mutations

You cannot wear most types of armour.
You are amphibious.
You can wear up to eight rings at the same time.
Your skin changes colour to match your surroundings (Stealth+).
Your rubbery body absorbs attacks. (AC +1, EV +1)
((You are camouflaged when in or above water. (Stealth+)))
You have tentacles for arms and can constrict up to eight enemies at once.


Message History

Things that are here:
a +0 war axe; a +0 robe
r - a grey potion You hear a distant slurping noise.
As you read the scroll of identify, it crumbles to dust.
p - a scroll of teleportation A jelly comes into view.
The jelly quivers.
You hit the jelly. The acid corrodes you!
Your tentacles burn!
You squeeze the jelly, but do no damage.
The jelly is lightly wounded.
The jelly barely misses you.
You hit the jelly.
Your tentacles burn!
You tentacle-slap the jelly. Your squeeze misses the jelly.
The jelly is lightly wounded.
The jelly hits you. The acid corrodes you!
You are splashed with acid!
The jelly hits you.
You are splashed with acid!
You are too injured to fight recklessly!
You are too injured to fight recklessly!
You are too injured to fight recklessly!
You are too injured to fight recklessly!
You slash the jelly!
Your tentacles burn!
You squeeze the jelly, but do no damage.
The jelly is moderately wounded.
The jelly hits you. The acid corrodes you!
You are splashed with acid!
* * * LOW HITPOINT WARNING * * *
You hit the jelly.
Your tentacles burn!
* * * LOW HITPOINT WARNING * * *
The jelly is moderately wounded.
The jelly misses you.
It was a potion of flight.
You feel very buoyant.
You fly up into the air.
The jelly barely misses you.
It was a potion of degeneration.
There was something very wrong with that liquid.
You feel weakened.
You feel dopey.
You feel clumsy. The jelly hits you.
* * * LOW HITPOINT WARNING * * *
The acid corrodes you!
You are splashed with acid!
You die...

...........+
...........#
...........# .
...........###########.#
...................#...
.......................
#..................#.
#..................#
#...............@J.#
#..................#
#..................# #
##############.....
#...... #........
#........ #........


You could see a jelly.

Vanquished Creatures
  Blork the orc (D:4)
  8 adders
  4 dart slugs
  2 orcs (D:3)
  9 ball pythons
  8 endoplasms
  6 giant cockroaches
  8 goblins
  8 hobgoblins
  4 jackals
  6 kobolds
  3 quokkas
  A bat (D:3)
  3 frilled lizards
  A rat (D:2)
72 creatures vanquished.

Notes
Turn   | Place    | Note
-------+----------+-------------------------------------------
     0 | D:1      | Crownlay the Octopode Transmuter began the quest for the
                  | Orb.
     0 | D:1      | Reached XP level 1. HP: 13/13 MP: 3/3
   254 | D:1      | Reached skill level 1 in Poison Magic
   254 | D:1      | Reached XP level 2. HP: 18/18 MP: 3/5
   784 | D:1      | Reached XP level 3. HP: 11/23 MP: 4/6
   790 | D:1      | Learned a level 3 spell: Spider Form
  1559 | D:2      | Reached XP level 4. HP: 11/29 MP: 5/7
  2884 | D:3      | Identified the +0 ring mail of Filu Puuc {Str+7}
  2979 | D:3      | Identified the +4 long sword of Exquisite Torment {holy,
                  | rC+ Int+2}
  3210 | D:3      | Reached XP level 5. HP: 34/34 MP: 9/9
  3729 | D:4      | Noticed Blork the orc
  3735 | D:4      | Killed Blork the orc
  3736 | D:4      | Reached XP level 6. HP: 20/42 MP: 10/10
  3911 | D:4      | HP: 2/42 [jelly (1)]
  3911 | D:4      | Splashed by a jelly's acid

Illustrated notes

Levels and vault maps discovered:
D:1:      evilmike_arrival_home_sweet_home, layout_loops_ring
D:2:      layout_loops_corners
D:3:      layout_basic, minmay_goblin_outpost
D:4:      layout_gridville, uniq_blork_the_orc, uniq_edmund

Skill      XL: |  1  2  3  4  5 |
---------------+----------------+-----
Poison Magic   | 1 2 3 |  3.6
Fighting       | 2 3 |  3.0
Transmutations | 3 |  3.2
Spellcasting   | 3 |  3.1
Dodging        | |  2.0
Unarmed Combat | |  3.0

Action                   |  1- 3 |  4- 6 || total
-------------------------+-------+-------++-------
Melee: Unarmed           |    57 |    35 ||    92
       Kick              |    15 |    12 ||    27
       Tentacles         |    12 |    15 ||    27
       Constrict         |    14 |    22 ||    36
       Long sword        |       |    46 ||    46
       Punch             |       |     3 ||     3
 Cast: Beastly Appendage |    18 |    13 ||    31
  Use: Scroll            |       |     5 ||     5
       Potion            |       |     2 ||     2
 Stab: Sleeping          |     7 |     7 ||    14
Armor: Skin              |     2 |     6 ||     8
Dodge: Dodged            |    26 |    72 ||    98

Table legend: (Time is in decaauts)
 A = Elapsed time spent in this place.
 B = Non-inter-level travel time spent in this place.
 C = Inter-level travel time spent in this place.
 D = Time resting spent in this place.
 E = Time spent auto-exploring this place.
 F = Levels seen in this place.
 G = Mean time per level.
                   A        B        C        D        E       F      G
               +--------+--------+--------+--------+--------+-----+--------+
         Total |   3922 |   3822 |    100 |      0 |   3309 |   4 |  980.5 |
       Dungeon |   3922 |   3822 |    100 |      0 |   3309 |   4 |  980.5 |
               +--------+--------+--------+--------+--------+-----+--------+

Top non-repeatable levels by time:
     D:2: 1409 daAuts
     D:1: 1373 daAuts
     D:3: 845 daAuts
     D:4: 293 daAuts
